 Dungeon Crawl Stone Soup version 0.27-a0-1136-g0b992a5a9d (console) character file.

Game seed: 9310915447560754310

75645 Gather the Black Belt (level 15, -16/131 HPs)
             Began as an Octopode Transmuter on May 3, 2021.
             Was a High Priest of Sif Muna.
             Demolished by a very large slime creature (24 damage)
             ... on level 9 of the Dungeon on May 5, 2021.
             The game lasted 03:14:25 (45537 turns).

Gather the Black Belt (Octopode Transmuter)        Turns: 45537, Time: 03:14:26

Health: -16/131    AC: 16    Str: 10    XL:     15   Next: 50%
Magic:  23/23      EV: 11    Int: 25    God:    Sif Muna [*****.]
Gold:   94         SH:  0    Dex: 15    Spells: 6/25 levels left

rFire    + . .     SeeInvis .     - Unarmed
rCold    . . .     Faith    +   (shield currently unavailable)
rNeg     . . .     Spirit   .   (helmet currently unavailable)
rPois    +         Reflect  .   R - amulet of faith
rElec    .         Harm     .   t - +4 ring of protection
rCorr    +         Rampage  .   w - +6 ring of intelligence
Will     +....                  F - ring of resist corrosion
Stlth    ++++......             Y - +4 ring of slaying
HPRegen  0.31/turn              Z - +4 ring of protection
MPRegen  0.18/turn              Q - ring of protection from fire
                                (no ring)
                                (no ring)

@: mighty, hydra-form
A: fast swimmer, devour, boosted hp, almost no armour, amphibious, 8 rings, very
large, (camouflage 1), (gelatinous body 1), (nimble swimmer 1), (tentacles)
a: End Transformation, Renounce Religion, Channel Magic, Forget Spell, Divine
Exegesis


You were on level 9 of the Dungeon.
You worshipped Sif Muna.
Sif Muna was extremely pleased with you.
You were a five-headed hydra.
You visited 4 branches of the dungeon, and saw 23 of its levels.
You also visited: Sewer.

You collected 2058 gold pieces.
You spent 1964 gold pieces at shops.

Inventory:

Hand Weapons
 c - a +0 short sword
 d - a +0 dagger
 h - a +0 hunting sling
 m - a +0 shortbow
 y - a +1 dagger of draining
Missiles
 a - 664 stones
 e - 135 sling bullets
 o - 431 arrows
 z - 15 boomerangs of dispersal
 A - 2 silver boomerangs
 C - 9 curare-tipped darts
 E - 53 poisoned darts (quivered)
 I - 8 throwing nets
Armour
 S - a +0 buckler (melded)
Magical Staves
 p - a staff of poison
 M - a staff of conjuration
Jewellery
 q - an amulet of reflection
 t - a +4 ring of protection (left foreclaw)
 u - an amulet of regeneration
 w - a +6 ring of intelligence (right foreclaw)
 F - a ring of resist corrosion (on tentacle)
 Q - a ring of protection from fire (on tentacle)
 R - an amulet of faith (around neck)
 V - a ring of ice
 Y - a +4 ring of slaying (on tentacle)
 Z - a +4 ring of protection (on tentacle)
Wands
 i - a wand of iceblast (9)
 v - a wand of flame (1)
 x - a wand of mindburst (28)
 D - a wand of paralysis (18)
 J - a wand of polymorph (7)
 O - a wand of acid (4)
 U - a wand of digging (5)
Scrolls
 f - 4 scrolls of teleportation
 n - 5 scrolls of fog
 B - 3 scrolls of magic mapping
 H - a scroll of holy word
 K - 4 scrolls of enchant weapon
 N - 8 scrolls of identify
 T - a scroll of amnesia
Potions
 b - 2 potions of resistance
 g - 4 potions of mutation
 j - 2 potions of invisibility
 k - 2 potions of might
 l - 9 potions of flight
 r - 2 potions of brilliance
 s - a potion of cancellation
 G - 4 potions of curing
 L - 4 potions of haste
Miscellaneous
 P - a piece from Xom's chessboard (15/15)


   Skills:
 - Level 9.0 Fighting
 - Level 9.2 Dodging
 - Level 8.0 Stealth
 - Level 15.8 Unarmed Combat
 - Level 5.5 Spellcasting
 + Level 9.1 Summonings
 - Level 9.8 Transmutations
 - Level 7.6 Ice Magic
 - Level 3.0 Poison Magic
 - Level 2.8 Invocations
 - Level 4.7 Evocations


You had 6 spell levels left.
You knew the following spells:

 Your Spells              Type           Power      Damage    Failure   Level
a - Beastly Appendage     Tmut           100%       N/A       1%          1
b - Summon Ice Beast      Ice/Summ       48%        N/A       2%          4
h - Hydra Form            Tmut           27%        N/A       3%          5
i - Ice Form              Ice/Tmut       50%        N/A       2%          4
s - Spider Form           Tmut/Pois      19%        N/A       1%          3
w - Wereblood             Tmut           54%        N/A       1%          2

Your spell library contained the following spells:

 Spells                   Type           Power      Damage    Failure   Level
 Summon Small Mammal      Summ           100%       N/A       1%          1
 Call Imp                 Summ           52%        N/A       1%          2
 Call Canine Familiar     Summ           52%        N/A       1%          3
 Summon Guardian Golem    Hex/Summ       29%        N/A       3%          3
 Animate Skeleton         Necr           12%        N/A       8%          1
 Apportation              Tloc           12%        N/A       8%          1
 Corona                   Hex            6%         N/A       8%          1
 Pain                     Necr           24%        1d5       8%          1
 Petrify                  Tmut/Erth      31%        N/A       10%         4
 Alistair's Intoxication  Tmut/Pois      26%        N/A       16%         5
 Confusing Touch          Hex            6%         N/A       24%         3
 Gell's Gravitas          Tloc           3%         N/A       24%         3
 Lesser Beckoning         Tloc           3%         N/A       24%         3
 Tukima's Dance           Hex            6%         N/A       24%         3
 Vampiric Draining        Necr           3%         2d6       24%         3
 Yara's Violent Unravell  Hex/Tmut       15%        3d8       28%         5
 Summon Mana Viper        Hex/Summ       29%        N/A       32%         5
 Metabolic Englaciation   Hex/Ice        12%        N/A       41%         5
 Animate Dead             Necr           3%         N/A       61%         4
 Leda's Liquefaction      Hex/Erth       3%         N/A       61%         4
 Agony                    Necr           6%         N/A       91%         5
 Manifold Assault         Tloc           6%         N/A       91%         5
 Invisibility             Hex            6%         N/A       100%        6
 Summon Hydra             Summ           26%        N/A       83%         7
 Necromutation            Tmut/Necr      15%        N/A       100%        8
 Summon Horrible Things   Summ           26%        N/A       100%        8
 Dragon's Call            Summ           26%        N/A       100%        9


Dungeon Overview and Level Annotations

Branches:
Dungeon (14/15)            Temple (1/1) D:6            Lair (6/6) D:9
  Swamp (0/4) Lair:2        Snake (0/4) Lair:4        Slime (0/5) Lair:5
    Orc (2/2) D:11            Elf (0/3) Orc:2         Sewer (visited)
 Vaults: D:13-14

Altars:
Ashenzari
Cheibriados
Dithmenos
Elyvilon
Fedhas
Gozag
Hepliaklqana
Kikubaaqudgha
Makhleb
Nemelex Xobeh
Okawaru
Qazlal
Ru
Sif Muna
Trog
Uskayaw
Vehumet
Wu Jian
Xom
Yredelemnul
Zin
The Shining One
Beogh
Jiyva

Shops:
D:7 *   D:10 [   D:11 [   Orc:1 =   Orc:2 ![(=

Annotations:
D:9 1 transporter
Lair:4 3 runed translucent doors, Cexaemot's ghost, journeyman DgTm; Vuppis's ghost, journeyman DsVM
Lair:5 exclusion: oklob plant


Innate Abilities, Weirdness & Mutations

You are a five-headed hydra.
You swim very quickly.
You can devour living enemies to heal.
Your maximum health is greatly increased.
Your armour is entirely melded.
You are incapable of wielding weapons or throwing items.
You cannot wear most types of armour.
You are amphibious.
You can wear up to eight rings at the same time.
((Your skin changes colour to match your surroundings (Stealth+).))
((Your rubbery body absorbs attacks. (AC +1, EV +1)))
((You are camouflaged near water. (Stealth+)))
((You have tentacles for arms and can constrict up to eight enemies at once.))


Message History

The great orb of eyes gazes at you.
You struggle to resist.
Two slime creatures merge to form a very large slime creature.
You gouge the very large slime creature!!
The very large slime creature is severely wounded.
You gouge the very large slime creature!!
You bite the great orb of eyes!
The very large slime creature hits you but does no damage.
The very large slime creature jiggles.
The very large slime creature closely misses you.
You gouge the very large slime creature!!
The very large slime creature is almost dead.
You gouge the very large slime creature!!
You bite the great orb of eyes!
The great orb of eyes bites you but does no damage.
Two slime creatures merge to form an enormous slime creature.
Two slime creatures merge to form a titanic slime creature.
You gouge the titanic slime creature!!
The titanic slime creature is heavily wounded.
You bite the very large slime creature!
You nip at the great orb of eyes but do no damage.
The very large slime creature hits you. The great orb of eyes gazes at you.
Your mind is blasted!
You gouge the titanic slime creature!!
The titanic slime creature is severely wounded.
You gouge the very large slime creature!!
You nip at the great orb of eyes.
The titanic slime creature hits you!!!
The very large slime creature closely misses you.
The great orb of eyes bites you.
You completely miss the titanic slime creature.
The titanic slime creature is severely wounded.
You bite the great orb of eyes! You bite the very large slime creature!
The titanic slime creature hits you!!!
* * * LOW HITPOINT WARNING * * *
As you read the scroll of fear, it crumbles to dust.
You assume a fearsome visage.
The great orb of eyes looks frightened!
The titanic slime creature looks frightened!
The very large slime creature easily resists.
The very large slime creature hits you!!
You die...

#...#.......#..............##.
#.#.#.#........###..######.##.
####.#............#....######.<..
...####...........#.#.........##.
##.#...............©...######.##.
#.####.##.....######### #.#..
#............?##.###.## ##....
##......########.?#.#..# #.....
..............#.......$)# #.....
..............###G....### #.....
......>.......##DJ._...# #.....
...)..........###J....### #.....
..............#........©####.....
..............##=.#.#..##........
#####[........# #.###J##...##....
#).....#### #######..........
#####......# #..©..##.....>...
...........# ###.#####..#...).
...........# ####..............
...........# #......#.####.#...
.####......# #.................


You could see a great orb of eyes (fleeing), a titanic slime creature (fleeing)
and a very large slime creature.

Vanquished Creatures
  An orc warlord (D:11)
  Josephine (D:11)
  4 hydras
  Harold (Orc:1)
  A death knight (D:13)
  2 centaur warriors
  2 two-headed ogres
  3 death yaks
  A tengu warrior (D:13)
  10 orc high priests (Orc:2)
  Nergalle (Lair:2)
  Sonja (D:11)
  5 skeletal warriors (D:13)
  A bog body (Lair:2)
  2 deep elf pyromancers
  An orc knight (Orc:1)
  A wolf spider (Lair:6)
  2 orc sorcerers
  4 cyclopes
  6 elephants
  An ugly thing (D:13)
  Maurice (D:11)
  12 black mambas
  A guardian serpent (Lair:6)
  3 gargoyles
  8 cane toads
  2 unseen horrors
  2 efreet
  9 komodo dragons
  A yaktaur (shapeshifter) (D:13)
  A rime drake (Lair:5)
  A freezing wraith (D:13)
  A tengu conjurer (D:13)
  5 trolls
  2 polar bears
  3 hornets
  A meliai zombie (D:10)
  14 slime creatures
  5 dream sheep (Lair:4)
  17 blink frogs
  A vampire (D:8)
  2 redbacks (Lair:6)
  9 wraiths
  49 yaks
  A shadow (D:9)
  A human (D:13)
  11 wyverns
  2 steam dragons
  4 vampire mosquitoes (D:13)
  11 wargs
  32 water moccasins
  2 sky beasts
  22 orc warriors
  An ice beast (D:7)
  3 black bears
  2 necrophages
  3 wolves (Lair:5)
  4 ogres
  9 centaurs
  7 bullfrogs
  6 kobold brigands
  7 gnoll sergeants
  6 scorpions
  A wyvern skeleton (D:7)
  12 killer bees
  5 wights (D:7)
  10 howler monkeys
  5 centaur zombies
  A centaur skeleton (D:7)
  2 jellies
  2 gnoll shamans (D:6)
  7 hounds (D:6)
  38 orc priests
  Jessica (D:2)
  5 iguanas
  19 orc wizards
  A killer bee zombie (D:9)
  2 howler monkey zombies (D:8)
  5 adders
  22 gnolls
  A white imp (D:6)
  An adder skeleton (D:4)
  4 worms
  4 dart slugs
  89 orcs
  7 ball pythons
  11 bats
  10 endoplasms
  3 giant cockroaches
  6 goblins
  8 hobgoblins
  9 jackals
  2 quokkas
  9 frilled lizards
  15 kobolds
  3 rats
655 creatures vanquished.

Vanquished Creatures (collateral kills)
  2 orcs (Orc:1)
2 creatures vanquished.

Vanquished Creatures (others)
  A kobold (D:13)
  54 fungi
  98 plants
153 creatures vanquished.

Grand Total: 810 creatures vanquished

Notes
Turn   | Place    | Note
-------+----------+-------------------------------------------
     0 | D:1      | Gather the Octopode Transmuter began the quest for the Orb.
     0 | D:1      | Reached XP level 1. HP: 13/13 MP: 3/3
   142 | D:1      | Reached skill level 1 in Stealth
   175 | D:1      | Reached XP level 2. HP: 13/18 MP: 3/5
   251 | D:1      | Learned a level 2 spell: Wereblood
  1270 | D:2      | Noticed Jessica
  1278 | D:2      | Killed Jessica
  1279 | D:2      | Reached XP level 3. HP: 15/23 MP: 4/6
  1289 | D:1      | Learned a level 3 spell: Spider Form
  1503 | D:2      | Reached skill level 1 in Poison Magic
  1646 | D:2      | Reached XP level 4. HP: 28/28 MP: 7/7
  2779 | D:3      | Found a glowing drain.
  2785 | Sewer    | Entered a sewer
  3580 | Sewer    | Reached XP level 5. HP: 27/33 MP: 6/8
  3837 | D:3      | Found a faded altar of an unknown god.
  4068 | D:3      | Found a glowing golden altar of the Shining One.
  4935 | D:4      | Found a blossoming altar of Fedhas.
  5144 | D:4      | Noticed an orc warrior
  5438 | D:4      | Found a sacrificial altar of Ru.
  5438 | D:4      | Found a hide-covered altar of Uskayaw.
  5476 | D:4      | Found a basalt altar of Yredelemnul.
  5478 | D:4      | Found a faded altar of an unknown god.
  5480 | D:4      | Found an iron altar of Okawaru.
  6121 | D:4      | Reached skill level 4 in Unarmed Combat
  6121 | D:4      | Reached XP level 6. HP: 13/38 MP: 7/9
  6769 | D:4      | Noticed a black bear
  6775 | D:4      | Killed a black bear
  6886 | D:4      | Found a shimmering altar of Xom.
  6886 | D:4      | Found an opulent altar of Gozag.
  7061 | D:5      | Entered Level 5 of the Dungeon
  7444 | D:5      | Reached XP level 7. HP: 20/43 MP: 6/10
  7607 | D:5      | Learned a level 4 spell: Ice Form
  8473 | D:5      | Reached XP level 8. HP: 48/48 MP: 4/11
  8768 | D:5      | Reached skill level 5 in Ice Magic
  8964 | D:6      | Reached skill level 5 in Transmutations
  9089 | D:6      | Found a staircase to the Ecumenical Temple.
  9100 | Temple   | Entered the Ecumenical Temple
  9178 | Temple   | Became a worshipper of Sif Muna the Loreminder
  9400 | D:6      | Found a stormy altar of Qazlal.
  9661 | D:6      | Reached XP level 9. HP: 53/53 MP: 7/12
  9883 | D:6      | Reached skill level 5 in Stealth
  9971 | D:6      | Upgraded the game from 0.27-a0-1122-g2a214b436d to
                  | 0.27-a0-1135-g81dfa19a63
 10021 | D:6      | Reached * piety under Sif Muna
 10229 | D:6      | Noticed a cyclops
 10278 | D:6      | Reached skill level 5 in Unarmed Combat
 10839 | D:6      | Killed a cyclops
 10840 | D:6      | Reached skill level 1 in Invocations
 10840 | D:6      | Reached skill level 1 in Evocations
 10884 | D:6      | Reached skill level 5 in Dodging
 11092 | D:6      | Reached skill level 6 in Unarmed Combat
 11109 | D:6      | Reached ** piety under Sif Muna
 11135 | D:6      | Reached XP level 10. HP: 62/63 MP: 8/13
 12032 | D:7      | Found Avimause's General Store.
 12950 | D:8      | Reached skill level 5 in Fighting
 13119 | D:8      | Found a white marble altar of Elyvilon.
 14065 | D:8      | Reached skill level 7 in Unarmed Combat
 14327 | D:9      | Found a transporter.
 14327 | D:9      | Noticed a great orb of eyes
 14334 | D:9      | Found a viscous altar of Jiyva.
 14335 | D:9      | Found the +7 great mace "Undeadhunter" {disrupt, rN+}
 14556 | D:8      | Reached *** piety under Sif Muna
 14744 | D:8      | Reached XP level 11. HP: 72/72 MP: 4/14
 14949 | D:9      | Found a staircase to the Lair.
 15546 | D:9      | Found a transporter.
 15681 | Lair:1   | Entered Level 1 of the Lair of Beasts
 15798 | Lair:1   | Noticed a death yak
 15818 | Lair:1   | Noticed a death yak
 15986 | Lair:2   | Reached skill level 8 in Unarmed Combat
 16138 | Lair:2   | Noticed a four-headed hydra
 16145 | Lair:2   | Killed a four-headed hydra
 16588 | Lair:2   | You fall into a shaft and drop 2 floors!
 17327 | Lair:2   | Noticed Nergalle
 17339 | Lair:2   | Killed Nergalle
 17340 | Lair:2   | Reached skill level 9 in Unarmed Combat
 17379 | Lair:2   | Noticed a bog body
 17559 | Lair:2   | Found a staircase to the Swamp.
 17589 | Lair:2   | Killed a bog body
 17858 | Lair:2   | Reached **** piety under Sif Muna
 17861 | Lair:2   | Reached XP level 12. HP: 55/81 MP: 12/15
 18096 | Lair:2   | Reached skill level 10 in Unarmed Combat
 19701 | Lair:2   | Reached skill level 11 in Unarmed Combat
 20999 | Lair:3   | Learned a level 5 spell: Hydra Form
 20999 | Lair:3   | Upgraded the game from 0.27-a0-1135-g81dfa19a63 to
                  | 0.27-a0-1136-g0b992a5a9d
 21229 | Lair:4   | Reached skill level 12 in Unarmed Combat
 21293 | Lair:4   | Found a staircase to the Snake Pit.
 22092 | Lair:4   | Reached skill level 13 in Unarmed Combat
 22750 | Lair:4   | Reached XP level 13. HP: 86/86 MP: 16/16
 22934 | Lair:4   | Found a runed translucent gate.
 22934 | Lair:4   | Found a runed translucent gate.
 22934 | Lair:4   | Found a runed translucent gate.
 22934 | Lair:4   | Noticed Cexaemot's ghost (journeyman DgTm)
 22935 | Lair:4   | Noticed Vuppis's ghost (journeyman DsVM)
 23109 | Lair:4   | Identified the +10 rapier of Cataclysm {flame, Drain rElec
                  | Int+4}
 23874 | Lair:5   | Found a staircase to the Slime Pits.
 24017 | Lair:5   | Reached skill level 14 in Unarmed Combat
 25317 | Lair:6   | Entered Level 6 of the Lair of Beasts
 25938 | Lair:6   | Reached skill level 15 in Unarmed Combat
 26197 | Lair:6   | Reached ***** piety under Sif Muna
 26197 | Lair:6   | Identified Sif Muna's Collected Works on Orientation and
                  | the Entourage (Sif Muna gifted it to you on level 6 of the
                  | Lair of Beasts)
 26197 | Lair:6   | Received a gift from Sif Muna
 26364 | Lair:6   | Learned a level 1 spell: Summon Small Mammal
 26695 | Lair:6   | Reached skill level 1 in Summonings
 30783 | Lair:2   | Reached XP level 14. HP: 48/94 MP: 17/17
 31420 | D:10     | Entered Level 10 of the Dungeon
 31760 | D:10     | Found Huthriregu's Armour Shoppe.
 31778 | D:10     | Bought a +0 buckler for 67 gold pieces
 32343 | D:11     | Noticed Maurice
 32363 | D:11     | Killed Maurice
 32418 | D:11     | Found a staircase to the Orcish Mines.
 32718 | D:11     | Found Tiheekk's Antique Armour Shoppe.
 33149 | D:11     | Noticed Josephine
 33189 | D:11     | Killed Josephine
 33191 | D:11     | Identified Sif Muna's Tome of the Entourage (Sif Muna
                  | gifted it to you on level 11 of the Dungeon)
 33191 | D:11     | Received a gift from Sif Muna
 33593 | D:11     | Noticed Sonja
 33602 | D:11     | Killed Sonja
 35135 | Orc:1    | Entered Level 1 of the Orcish Mines
 35155 | Orc:1    | Learned a level 4 spell: Summon Ice Beast
 35664 | Orc:1    | Found Quukepto's Jewellery Emporium.
 35922 | Orc:1    | Noticed Harold
 35923 | Orc:1    | Noticed an orc warlord
 36074 | D:11     | HP: 5/116 [orc warlord/+0 great sword (29)]
 36533 | D:11     | Reached skill level 5 in Summonings
 36581 | D:11     | Killed an orc warlord
 36825 | Orc:1    | Killed Harold
 37277 | Orc:2    | Entered Level 2 of the Orcish Mines
 39346 | Orc:2    | Identified Sif Muna's Collected Works on Transmutation (Sif
                  | Muna gifted it to you on level 2 of the Orcish Mines)
 39346 | Orc:2    | Received a gift from Sif Muna
 39383 | Orc:2    | Reached skill level 5 in Spellcasting
 39383 | Orc:2    | Reached XP level 15. HP: 100/101 MP: 17/22
 39996 | Orc:2    | Found Dubep's Distillery.
 39996 | Orc:2    | Found Ivviogra's Antique Armour Shop.
 40150 | Orc:2    | Bought a potion of curing for 42 gold pieces
 40150 | Orc:2    | Bought a potion of heal wounds for 70 gold pieces
 40150 | Orc:2    | Bought a potion of curing for 42 gold pieces
 40367 | Orc:2    | Found Bahaqett's Antique Weapon Emporium.
 40367 | Orc:2    | Found Sutsor's Jewellery Shop.
 40526 | Orc:2    | Found a staircase to the Elven Halls.
 41031 | Orc:1    | Bought a +4 ring of slaying for 936 gold pieces
 41031 | Orc:1    | Bought a +4 ring of protection for 432 gold pieces
 41692 | D:13     | HP: 5/121 [skeletal warrior/+0 battleaxe[a skeletal
                  | warrior] (34)]
 44424 | D:13     | Identified Umnoj's Almanac of the Entourage and Stones (Sif
                  | Muna gifted it to you on level 13 of the Dungeon)
 44424 | D:13     | Received a gift from Sif Muna
 45109 | Orc:2    | Bought a ring of protection from fire for 375 gold pieces
 45537 | D:9      | Demolished by a very large slime creature

Illustrated notes

Levels and vault maps discovered:
D:1:      pf_arrival_petrified_forest, layout_basic, minmay_misc_feat_chi,
          nrook_campfire, minmay_fountain_box, minmay_door_square,
          chequers_serial_rivers_micro_c
D:2:      layout_loops_corners, minivault_14, hangedman_decor_diamond_cutter,
          uniq_jessica
D:3:      layout_basic, general_overflow_altar, cheibrodos_sewer_entry_drain,
          shapermc_ecumenical_altar_mp_ritualfount, bh_walls_and_bars
D:4:      layout_basic, chequers_temple_overflow_minitemple, old_standard_altar,
          nicolae_overflow_hidden_temple
D:5:      layout_gridville
D:6:      lemuel_castle_with_subvaults [lemuel_castle_interior_carwin_3],
          layout_loops_ring, nicolae_qazlal_general_emergency,
          minmay_temple_entry_tees, kennysheep_diamond
D:7:      layout_loops_ring, serial_shops, kennysheep_little_box
D:8:      layout_gridville, elyvilon_altar_4
D:9:      gammafunk_jiyva_shrine, layout_basic, erik_lair_orcish_takeover
D:10:     layout_cave_pools, serial_shops, shop
D:11:     layout_roguey, orc_0_dummy, serial_shops, nicolae_shop_waterfront,
          uniq_sonja, uniq_maurice, uniq_josephine
D:12:     layout_rooms, minivault_5, grunt_ministairs_4
D:13:     layout_loops_ring, hangedman_stone_soup, kennysheep_opposing_triangles
D:14:     layout_cross, lightli_vaults_fourway_checkpoint, lemuel_tele_altar,
          uniq_louise, uniq_frances, uniq_roxanne, uniq_azrael
Temple:   nicolae_temple_x_marks_the_god
Lair:1:   layout_chaotic_city, chequers_serial_rivers_micro_c, fungi_pond_lemuel
Lair:2:   layout_chaotic_city, skrybe_swamp_entry_bodies, wad_woods_river_01,
          serial_bayou_shore_a, uniq_nergalle
Lair:3:   layout_hall_layers, gauntlet_entry_generic
Lair:4:   layout_cave_pods, minmay_snake_entry_six_corridors,
          gammafunk_ghost_cemetery, cheibrodos_lair_reptile_den
Lair:5:   layout_cave_pods, minmay_slime_entry_oklob_open
Lair:6:   hangedman_lair_tendril_chambers, layout_loops_ring
Orc:1:    layout_diamond_mine, basic_altar, minmay_shop_enchanted_jewellery,
          mines1_david, uniq_harold
Orc:2:    st_orc_town, layout_diamond_mine

Skill      XL: |  1  2  3  4  5  6  7  8  9 10 11 12 13 14 15 |
---------------+----------------------------------------------+-----
Stealth        | 1 2 3 4 6 8 |  8.0
Poison Magic   | 1 3 |  3.0
Transmutations | 3 4 7 9 |  9.8
Unarmed Combat | 4 6 7 9 13 15 | 15.8
Dodging        | 3 5 6 7 8 9 |  9.2
Ice Magic      | 4 5 6 7 |  7.6
Fighting       | 4 5 7 8 9 |  9.0
Invocations    | 2 |  2.8
Evocations     | 2 3 4 |  4.7
Summonings     | 3 5 9 |  9.1
Spellcasting   | 5 |  5.5

Action                   |  1- 3 |  4- 6 |  7- 9 | 10-12 | 13-15 || total
-------------------------+-------+-------+-------+-------+-------++-------
Melee: Unarmed           |    42 |   189 |   279 |   601 |   956 ||  2067
       Constrict         |    10 |    18 |     2 |       |     2 ||    32
       Kick              |     7 |    19 |     3 |       |       ||    29
       Tentacles         |     2 |    11 |     1 |     1 |     2 ||    17
       Punch             |     1 |     1 |     1 |     1 |     2 ||     6
       Dagger            |     1 |     2 |       |     2 |     6 ||    11
       Staff             |       |    16 |     2 |       |       ||    18
 Fire: Shortbow          |       |       |    46 |     4 |       ||    50
Throw: Stone             |       |    16 |    12 |    10 |     1 ||    39
       Dart              |       |       |       |       |    20 ||    20
 Cast: Beastly Appendage |    18 |    24 |     1 |       |       ||    43
       Wereblood         |     1 |     2 |     4 |    10 |     7 ||    24
       Spider Form       |       |    28 |    10 |       |       ||    38
       Ice Form          |       |       |    29 |   113 |   122 ||   264
       Hydra Form        |       |       |       |       |    51 ||    51
       Summon Ice Beast  |       |       |       |       |     3 ||     3
 Abil: End Transformatio |       |       |     2 |     9 |    16 ||    27
Evoke: Wand              |       |       |       |     5 |    28 ||    33
  Use: Scroll            |       |     8 |     2 |    15 |     8 ||    33
       Potion            |       |     1 |     2 |     7 |     9 ||    19
 Stab: Sleeping          |     6 |    18 |       |     7 |    13 ||    44
       Distracted        |       |       |     1 |     2 |     3 ||     6
       Paralysed         |       |       |       |     1 |     1 ||     2
Armor: Skin              |       |    14 |    68 |   137 |   277 ||   496
Dodge: Dodged            |    21 |   155 |   166 |   273 |   439 ||  1054
Block: Other             |       |       |       |    47 |    48 ||    95
       Buckler           |       |       |       |       |     2 ||     2

Table legend: (Time is in decaauts)
 A = Elapsed time spent in this place.
 B = Non-inter-level travel time spent in this place.
 C = Inter-level travel time spent in this place.
 D = Time resting spent in this place.
 E = Time spent auto-exploring this place.
 F = Levels seen in this place.
 G = Mean time per level.
                   A        B        C        D        E       F      G
               +--------+--------+--------+--------+--------+-----+--------+
         Total |  45258 |  42633 |   2625 |  11261 |  22978 |  24 | 1885.8 |
       Dungeon |  23337 |  21940 |   1397 |   5490 |  12022 |  14 | 1666.9 |
        Temple |     85 |     64 |     21 |      0 |     62 |   1 |   85.0 |
          Lair |  15584 |  14989 |    595 |   3896 |   8467 |   6 | 2597.3 |
  Orcish Mines |   5298 |   4686 |    612 |   1675 |   1980 |   2 | 2649.0 |
         Sewer |    952 |    952 |      0 |    200 |    447 |   1 |  952.0 |
               +--------+--------+--------+--------+--------+-----+--------+

Top non-repeatable levels by time:
  Lair:2: 3297 daAuts
   Orc:1: 3164 daAuts
    D:13: 2977 daAuts
  Lair:5: 2946 daAuts
  Lair:4: 2935 daAuts
     D:6: 2722 daAuts
  Lair:6: 2650 daAuts
     D:4: 2170 daAuts
  Lair:3: 2141 daAuts
   Orc:2: 2134 daAuts
    D:12: 2091 daAuts
     D:3: 1865 daAuts
    D:10: 1813 daAuts
     D:8: 1766 daAuts
  Lair:1: 1612 daAuts
